 Dungeon Crawl Stone Soup version 0.29-a0-841-g116ddc6ace (webtiles) character file.

Game seed: 12780325204790299399

247 xian the Charlatan (level 6, -2/44 HPs)
             Began as a Formicid Wanderer on July 14, 2022.
             Killed by their own static electricity (3 damage)
             ... on level 4 of the Dungeon.
             The game lasted 00:13:04 (3866 turns).

xian the Charlatan (Formicid Wanderer)              Turns: 3866, Time: 00:13:05

Health: -2/44      AC:  6    Str: 18    XL:     6   Next: 33%
Magic:  1/9        EV: 12    Int: 12    God:
Gold:   96         SH:  0    Dex: 13    Spells: 6/10 levels left

rFire   . . .      SeeInvis +   v - +3 dagger (holy)
rCold   . . .      Faith    .   (no shield)
rNeg    . . .      Spirit   .   e - +1 leather armour
rPois   .          Reflect  .   (helmet unavailable)
rElec   .          Harm     .   o - +0 cloak
rCorr   .          Rampage  .   (no gloves)
Will    .....                   s - +0 pair of boots
Stlth   ++........              (no amulet)
HPRegen 0.14/turn               f - ring of wizardry
MPRegen 0.11/turn               (no ring)

@: mighty
A: permanent stasis, dig shafts and tunnels, antennae 3, four strong arms
a: Dig, Shaft Self


You were on level 4 of the Dungeon.
You visited 1 branch of the dungeon, and saw 4 of its levels.

You collected 162 gold pieces.
You spent 66 gold pieces at shops.

Inventory:

Hand Weapons
 v - a +3 dagger of holy wrath (weapon)
Missiles
 b - 11 poisoned darts (quivered)
 p - 2 throwing nets
Armour
 e - a +1 leather armour (worn)
 o - a +0 cloak (worn)
 s - a +0 pair of boots (worn)
Jewellery
 f - a ring of wizardry (left hand)
Wands
 a - a wand of polymorph (13)
 c - a wand of roots (4)
 t - a wand of paralysis (5)
 u - a wand of light (2)
Scrolls
 g - a scroll of vulnerability
 l - a scroll of teleportation
 m - 2 scrolls of enchant armour
 y - a scroll of brand weapon
Potions
 j - a potion of berserk rage {unknown}
 k - a potion of cancellation
 n - a potion of lignification {unknown}
 q - a potion of attraction
 r - a potion of flight
 w - a potion of degeneration {unknown}
 x - a potion of ambrosia {unknown}


   Skills:
 + Level 1.7 Fighting
 + Level 1.7 Short Blades
 + Level 1.3 Throwing
 + Level 2.0 Armour
 + Level 2.3 Dodging
 + Level 1.6 Stealth
 + Level 2.6 Spellcasting
 + Level 1.3 Conjurations
 + Level 2.2 Air Magic
 + Level 1.2 Poison Magic
 + Level 3.7 Evocations


You had 6 spell levels left.
You knew the following spells:

 Your Spells              Type           Power      Damage    Failure   Level
a - Poisonous Vapours     Pois/Air       10%        N/A       9%          2
b - Static Discharge      Conj/Air       5%         3-4/arc   9%          2

Your spell library contained the following spells:

 Spells                   Type           Power      Damage    Failure   Level


Dungeon Overview and Level Annotations

Branches:
Dungeon (4/15)
 Temple: D:4-7

Altars:

Shops:
D:3 !


Innate Abilities, Weirdness & Mutations

You cannot be hasted, slowed, berserked, paralysed or teleported.
You can dig through walls and to a lower floor.
You have a pair of large antennae on your head. (SInv)
Your four strong arms can wield two-handed weapons with a shield.


Message History

The jackal misses you. The jackal closely misses you.
The jackal bites you but does no damage.
You puncture the sky beast!
The sky beast is heavily wounded.
The jackal bites you but does no damage.
The jackal misses you. The sky beast barely misses you.
The jackal closely misses you.
Unknown command.
You puncture the sky beast!
The sky beast is almost dead.
The jackal misses you. The jackal bites you.
* * * LOW HITPOINT WARNING * * *
The jackal closely misses you. The sky beast misses you.
Unknown command.
You hit the sky beast.
You kill the sky beast!
The jackal misses you.
The jackal bites you but does no damage.
The jackal closely misses you. x2
Your Armour skill increases to level 2!
Your Poison Magic skill increases to level 1!
You have reached level 6!
Casting: Static Discharge (safe; 9% risk of failure)
Confirm with . or Enter, or press ? or * to list all spells.
The jackal is struck by an arc of lightning!
You kill the jackal!
You are struck by an arc of lightning.
* * * LOW HITPOINT WARNING * * *
The lightning grounds out.
The jackal is struck by an arc of lightning.
The jackal is almost dead.
You are struck by an arc of lightning.
* * * LOW HITPOINT WARNING * * *
The jackal is struck by an arc of lightning.
You kill the jackal!
The lightning grounds out.
The jackal is struck by an arc of lightning.
The jackal is heavily wounded.
You are struck by an arc of lightning.
You die...

.......... ###...#.# .
..).[#.# # # ..#...#.#
#.#....#.# .##.. ......#.#
#.#....#.##..... # #...#.#
#.#...##........ #
#.....####.....##........ #
#.......##...............
###.......####.#h†#.#....#.
...............†@..........
..##.####................##
..##.# #.......##+##..###
.....# #.......# ..# ..####
######..# ..# .## #..# .#
## ##.# { #.. {


You could see a jackal.

Vanquished Creatures
  A sky beast (D:4)
  Natasha (thrice) (D:2)
  Robin (D:3)
  An adder (D:2)
  2 dart slugs
  2 orcs
  4 ball pythons
  3 bats
  3 endoplasms
  3 hobgoblins
  9 jackals
  2 quokkas
  3 frilled lizards (D:1)
  13 goblins
  6 kobolds
  5 rats
61 creatures vanquished.

Notes
Turn   | Place    | Note
-------+----------+-------------------------------------------
     0 | D:1      | xian the Formicid Wanderer began the quest for the Orb.
     0 | D:1      | xian set off with the following items: a +0 dagger, 13
                  | poisoned darts, a wand of roots (4), a potion of might, a
                  | +0 leather armour; and the following spells available to
                  | memorise: Poisonous Vapours, Static Discharge.
     0 | D:1      | Reached XP level 1. HP: 15/15 MP: 3/3
   395 | D:1      | Reached XP level 2. HP: 21/21 MP: 5/5
   423 | D:1      | Learned a level 2 spell: Poisonous Vapours
   452 | D:1      | Found a faded altar of an unknown god.
  1230 | D:1      | Reached XP level 3. HP: 25/26 MP: 6/6
  1233 | D:1      | Learned a level 2 spell: Static Discharge
  1596 | D:2      | Noticed Natasha
  1604 | D:2      | Killed Natasha
  1605 | D:2      | Reached skill level 1 in Armour
  1605 | D:2      | Reached skill level 1 in Dodging
  1720 | D:2      | Reached XP level 4. HP: 25/32 MP: 7/7
  1845 | D:2      | Reached skill level 1 in Short Blades
  2045 | D:2      | Noticed Natasha
  2057 | D:2      | Killed Natasha
  2182 | D:2      | Noticed Natasha
  2192 | D:2      | Killed Natasha
  2193 | D:2      | Reached skill level 1 in Conjurations
  2193 | D:2      | Reached XP level 5. HP: 32/37 MP: 2/8
  2583 | D:3      | Found Tunanki's Distillery.
  2593 | D:3      | Bought a potion of attraction for 33 gold pieces
  2593 | D:3      | Bought a potion of flight for 33 gold pieces
  2948 | D:3      | Noticed Robin
  2964 | D:3      | Killed Robin
  2997 | D:3      | HP: 1/37 [/static electricity (1)]
  3849 | D:4      | Noticed a sky beast
  3860 | D:4      | HP: 1/37 [sky beast (6)]
  3865 | D:4      | Killed a sky beast
  3866 | D:4      | Reached skill level 1 in Poison Magic
  3866 | D:4      | Reached XP level 6. HP: 3/44 MP: 3/9
  3866 | D:4      | HP: 2/44 [/static electricity (1)]
  3866 | D:4      | Killed from afar by themself

Illustrated notes

Levels and vault maps discovered:
D:1:      saegor_arrival_simple_d, layout_loops_ring,
          chequers_ecumenical_altar_simple, nrook_loot_triangle,
          corexii_item_surrounded_by_moat
D:2:      layout_basic, uniq_natasha
D:3:      wad_pebble_path, layout_rooms, serial_shops,
          nicolae_shop_advertising_works [nicolae_subvault_shop_adworks],
          minmay_door_square, uniq_robin
D:4:      layout_basic, minmay_misc_feat_room

Skill      XL: |  1  2  3  4  5 |
---------------+----------------+-----
Armour         | 1 2 |  2.0
Dodging        | 1 2 |  2.3
Short Blades   | 1 |  1.7
Conjurations   | 1 |  1.3
Air Magic      | 2 |  2.2
Poison Magic   | 1 |  1.2
Fighting       | |  1.7
Throwing       | |  1.3
Stealth        | |  1.6
Spellcasting   | |  2.6
Evocations     | |  3.7

Action                   |  1- 3 |  4- 6 || total
-------------------------+-------+-------++-------
Melee: Dagger            |    94 |   119 ||   213
       Punch             |     2 |     1 ||     3
Throw: Dart              |    21 |       ||    21
 Cast: Poisonous Vapours |     3 |    18 ||    21
       Static Discharge  |     1 |     6 ||     7
  Use: Scroll            |     2 |     5 ||     7
       Potion            |       |     4 ||     4
 Stab: Sleeping          |     2 |     2 ||     4
Armor: Leather armour    |    30 |    50 ||    80
Dodge: Dodged            |    53 |   101 ||   154

Table legend: (Time is in decaauts)
 A = Elapsed time spent in this place.
 B = Non-inter-level travel time spent in this place.
 C = Inter-level travel time spent in this place.
 D = Time resting spent in this place.
 E = Time spent auto-exploring this place.
 F = Levels seen in this place.
 G = Mean time per level.
                   A        B        C        D        E       F      G
               +--------+--------+--------+--------+--------+-----+--------+
         Total |   3856 |   3760 |     96 |    292 |   2702 |   4 |  964.0 |
       Dungeon |   3856 |   3760 |     96 |    292 |   2702 |   4 |  964.0 |
               +--------+--------+--------+--------+--------+-----+--------+

Top non-repeatable levels by time:
     D:1: 1458 daAuts
     D:3: 1181 daAuts
     D:2: 1121 daAuts
     D:4: 94 daAuts
